 Dungeon Crawl Stone Soup version 0.27-a0-1026-gbab068f60c (webtiles) character file.

Game seed: 5744584646222249132

40 Morbidden the Grave Robber (level 3, -4/30 HPs)
             Began as a Deep Dwarf Necromancer on Apr 17, 2021.
             Slain by Sigmund
             ... wielding a +0 scythe
              (6 damage)
             ... on level 2 of the Dungeon.
             The game lasted 00:02:35 (2093 turns).

Morbidden the Grave Robber (Deep Dwarf Necromancer) Turns: 2093, Time: 00:02:36

Health: -4/30      AC:  2    Str: 11    XL:     3   Next: 30%
Magic:  3/6        EV: 12    Int: 16    God:
Gold:   78         SH:  0    Dex: 13    Spells: 2/6 levels left

rFire    . . .     SeeInvis .   d - +0 mace
rCold    . . .     Faith    .   (no shield)
rNeg     + . .     Spirit   .   a - +0 robe
rPois    .         Reflect  .   (no helmet)
rElec    .         Harm     .   (no cloak)
rCorr    +         Rampage  .   (no gloves)
Will     .....                  (no boots)
Stlth    +.........             (no amulet)
HPRegen  0.00/turn              f - ring of resist corrosion
MPRegen  0.10/turn              m - ring of positive energy

@: confused, attractive, non-regenerating, invisible
A: damage resistance, heal wounds, sense surroundings 1, no regeneration
a: Heal Wounds


You were on level 2 of the Dungeon.
You visited 1 branch of the dungeon, and saw 2 of its levels.

You collected 78 gold pieces.

Inventory:

Hand Weapons
 d - a +0 mace (weapon)
 h - a +0 hunting sling
Missiles
 g - 2 poisoned darts (quivered)
Armour
 a - a +0 robe (worn)
Jewellery
 f - a ring of resist corrosion (left hand)
 m - a ring of positive energy (right hand)
Scrolls
 c - a scroll of identify {unknown}
 e - a scroll of fear {unknown}
 j - a scroll of enchant armour {unknown}
 k - a scroll of noise {unknown}
 l - a scroll of teleportation {unknown}
 p - a scroll of enchant weapon {unknown}
Potions
 b - a potion of attraction
 n - a potion of curing {unknown}
 o - a potion of flight {unknown}


   Skills:
 * Level 0.4 Fighting
 + Level 2.1 Dodging
 + Level 2.4 Stealth
 * Level 2.3 Spellcasting
 * Level 5.1 Necromancy


You had 2 spell levels left.
You knew the following spells:

 Your Spells              Type           Power      Damage    Failure   Level
a - Pain                  Necr           72%        1d7       2%          1
b - Vampiric Draining     Necr           9%         2d7       7%          3

Your spell library contained the following spells:

 Spells                   Type           Power      Damage    Failure   Level
 Animate Skeleton         Necr           36%        N/A       2%          1
 Animate Dead             Necr           9%         N/A       24%         4
 Agony                    Necr           18%        N/A       54%         5


Dungeon Overview and Level Annotations

Branches:
Dungeon (2/15)

Altars:

Annotations:
D:2 Sigmund


Innate Abilities, Weirdness & Mutations

You are resistant to damage.
You can heal yourself by infusing magical energy.
You passively map a small area around you.
You do not regenerate.


Message History

Aim: Sigmund, wielding a +0 scythe and wearing a +0 robe (lightly wounded)
You draw life force from Sigmund!
You feel life coursing into your body. Sigmund barely misses you.
Unknown command.
Unknown command.
Throw: 5 darts (poison)
Press: ? - help, Q - select action, (/) - cycle Shift-Dir - straight line, f/p - Sigmund
Aim: Sigmund, wielding a +0 scythe and wearing a +0 robe (heavily wounded, 52% to hit)
You throw a poisoned dart. The poisoned dart hits Sigmund.
Sigmund is poisoned.
Sigmund is heavily wounded.
Sigmund misses you.
Unknown command.
Throw: 4 darts (poison)
Press: ? - help, Q - select action, (/) - cycle Shift-Dir - straight line, f/p - Sigmund
Aim: Sigmund, wielding a +0 scythe and wearing a +0 robe (heavily wounded, poisoned, 52% to hit)
You throw a poisoned dart. The poisoned dart hits Sigmund.
Sigmund looks even sicker.
Sigmund is heavily wounded.
Sigmund hits you with a +0 scythe!
Sigmund hits you from afar with a +0 scythe.
* * * LOW HITPOINT WARNING * * *
Throw: 3 darts (poison)
Press: ? - help, Q - select action, (/) - cycle Shift-Dir - straight line, f/p - Sigmund
Aim: Sigmund, wielding a +0 scythe and wearing a +0 robe (severely wounded, very poisoned, 52% to hit)
You throw a poisoned dart. The poisoned dart hits Sigmund.
Sigmund looks even sicker.
Sigmund is severely wounded.
Sigmund hits you from afar with a +0 scythe!
* * * LOW HITPOINT WARNING * * *
Unknown command.
It was a potion of attraction.
You feel attractive to monsters. Sigmund casts a spell at you.
You are confused.
Sigmund is pulled toward you!
Unknown command.
It was a potion of invisibility.
You fade into invisibility!
Sigmund hits you with a +0 scythe!
You die...

..# #.###### ..#### #.# ♣....#
#.# .###.# ####### #.# .# #.#
#.....###########.######
8###.#####....<#.................
......<..........(..##.##########
.###.#####.....#@##(..........# #
∩...............@#.......>..#.###
.###.#############.###.###.......
.....# #. #.# #..#.##> .##### #.
#.###..#.##. .# #. #...........
.# #. #####.##.#.. .## #.
#.#..#.. ..###### #..#....
.......# * ###..###


You could see Sigmund (very poisoned).

Vanquished Creatures
  6 ball pythons
  3 endoplasms
  A giant cockroach (D:1)
  5 goblins
  A hobgoblin (D:1)
  3 quokkas
  4 bats (D:1)
  9 frilled lizards
  2 kobolds
  5 rats
39 creatures vanquished.

Notes
Turn   | Place    | Note
-------+----------+-------------------------------------------
     0 | D:1      | Morbidden the Deep Dwarf Necromancer began the quest for
                  | the Orb.
     0 | D:1      | Reached XP level 1. HP: 15/15 MP: 3/3
   385 | D:1      | Reached XP level 2. HP: 22/22 MP: 2/4
   562 | D:1      | Reached skill level 5 in Necromancy
  1152 | D:2      | Reached XP level 3. HP: 28/30 MP: 0/6
  1158 | D:1      | Learned a level 3 spell: Vampiric Draining
  2040 | D:2      | Found a faded altar of an unknown god.
  2082 | D:2      | Noticed Sigmund
  2093 | D:2      | Slain by Sigmund

Illustrated notes

Levels and vault maps discovered:
D:1:      evilmike_arrival_plus, layout_loops_ring, kennysheep_another_room
D:2:      layout_loops_ring, hellmonk_ecumenical_altar_arch_garden,
          uniq_crazy_yiuf_cottage, uniq_sigmund

Skill      XL: |  1  2 |
---------------+-------+-----
Necromancy     | 5 |  5.1
Spellcasting   | 2 |  2.3
Fighting       | |  0.4
Dodging        | |  2.1
Stealth        | |  2.4

Action                   || total
-------------------------++-------
Melee: Mace              ||     4
Throw: Dart              ||     3
 Cast: Pain              ||    65
       Vampiric Draining ||     1
  Use: Potion            ||     2
Armor: Robe              ||     3
Dodge: Dodged            ||     9

Table legend: (Time is in decaauts)
 A = Elapsed time spent in this place.
 B = Non-inter-level travel time spent in this place.
 C = Inter-level travel time spent in this place.
 D = Time resting spent in this place.
 E = Time spent auto-exploring this place.
 F = Levels seen in this place.
 G = Mean time per level.
                   A        B        C        D        E       F      G
               +--------+--------+--------+--------+--------+-----+--------+
         Total |   2093 |   2034 |     59 |    152 |   1677 |   2 | 1046.5 |
       Dungeon |   2093 |   2034 |     59 |    152 |   1677 |   2 | 1046.5 |
               +--------+--------+--------+--------+--------+-----+--------+

Top non-repeatable levels by time:
     D:1: 1334 daAuts
     D:2: 759 daAuts
